 Dungeon Crawl Stone Soup version 0.28-a0-529-g3bad584f25 (webtiles) character file.

Game seed: 16285412852662430945

23 omnomnOMINOUS the Caller (level 2, -2/19 HPs)
             Began as an Octopode Wanderer on Sept 24, 2021.
             Was a Plaything of Xom.
             Slain by Crazy Yiuf (8 damage)
             ... on level 2 of the Dungeon.
             The game lasted 00:02:51 (1027 turns).

omnomnOMINOUS the Caller (Octopode Wanderer)        Turns: 1027, Time: 00:02:53

Health: -2/19      AC:  1    Str:  9    XL:     2   Next: 95%
Magic:  3/3        EV: 12    Int: 14    God:    Xom [....*.]
Gold:   66         SH:  4    Dex: 13    Spells: 2/3 levels left

rFire   + . .      SeeInvis .   a - +2 dagger
rCold   + . .      Faith    .   g - +0 buckler
rNeg    . . .      Spirit   .   (helmet restricted)
rPois   .          Reflect  .   (no amulet)
rElec   .          Harm     .   f - ring of protection from cold
rCorr   .          Rampage  .   (no ring)
Will    .....      Clarity  +   (no ring)
Stlth   +++.......              (no ring)
HPRegen 0.06/turn               (no ring)
MPRegen 0.08/turn               (no ring)
                                (no ring)
                                (no ring)

@: slowed, very slow
A: almost no armour, amphibious, 8 rings, camouflage 1, gelatinous body 1,
(nimble swimmer 1), tentacles, clarity, fire resistance 1, robust 1
a: Renounce Religion


You were on level 2 of the Dungeon.
You worshipped Xom.
You were a beloved toy of Xom.
You visited 1 branch of the dungeon, and saw 2 of its levels.

You collected 66 gold pieces.

Inventory:

Hand Weapons
 a - a +2 dagger (weapon)
Missiles
 d - 29 stones
Armour
 g - a +0 buckler (worn)
Jewellery
 f - a ring of protection from cold (left tentacle)
Scrolls
 b - a scroll of blinking
 e - a scroll of identify {unknown}
 h - a scroll of fog {unknown}
Potions
 c - 2 potions of curing
 i - a potion of heal wounds {unknown}


   Skills:
 + Level 0.9 Fighting
 - Level 2.0 Long Blades
 + Level 1.4 Dodging
 - Level 1.3 Stealth
 + Level 1.2 Shields
 - Level 1.0 Spellcasting
 - Level 3.0 Summonings
 * Level 2.0 Earth Magic


You had 2 spell levels left.
You knew the following spells:

 Your Spells              Type           Power      Damage    Failure   Level
a - Sandblast             Erth           12%        2d6       16%         1

Your spell library contained the following spells:

 Spells                   Type           Power      Damage    Failure   Level
 Stone Arrow              Conj/Erth      6%         3d7       58%         3
 Animate Dead             Necr           0%         N/A       98%         4
 Borgnjor's Vile Clutch   Necr/Erth      1%         N/A       100%        5
 Death Channel            Necr           0%         N/A       100%        6


Dungeon Overview and Level Annotations

Branches:
Dungeon (2/15)

Altars:
Xom

Shops:
D:1 *

Annotations:
D:2 Crazy Yiuf


Innate Abilities, Weirdness & Mutations

You cannot wear most types of armour.
You are amphibious.
You can wear up to eight rings at the same time.
Your skin changes colour to match your surroundings (Stealth+).
Your rubbery body absorbs attacks. (AC +1, EV +1)
((You are camouflaged near water. (Stealth+)))
You have tentacles for arms and can constrict up to eight enemies at once.
You possess an exceptional clarity of mind.
Your flesh is heat resistant. (rF+)
You are robust. (+10% HP)


Message History

You slide downwards.
The hatch slams shut behind you.
You can't go down here!
The helpless adder fails to defend itself.
You hit the adder. Your grab misses the adder. You squeeze the adder.
You kill the adder!
Your Earth Magic skill increases to level 2!
No target in view!
You see here an adder corpse.
Found a stone staircase leading down.
Found an escape hatch in the ceiling.
No target in view!
You pick up a book of Unlife and begin reading...
You add the spells Animate Dead, Borgnjor's Vile Clutch and Death Channel to your library.
Found a mace.
Found five maces.
Found a runed translucent door.
You see here a +0 mace.
You see here a +0 mace.
Found a mace.
You see here a +0 mace.
You open the door.
There is an open translucent door here.
Crazy Yiuf shouts!
You see here a +0 mace.
You hit Crazy Yiuf but do no damage. Your grab misses Crazy Yiuf.
Crazy Yiuf hits you with a +2 quarterstaff of chaos!
Ouch! That really hurt!
You feel yourself slow down.
You hit Crazy Yiuf. You grab Crazy Yiuf.
Crazy Yiuf is lightly wounded.
You constrict Crazy Yiuf. Crazy Yiuf misses you.
Okay, then.
Unknown command.
You hit Crazy Yiuf.
Crazy Yiuf is heavily wounded.
You constrict Crazy Yiuf, but do no damage.
Crazy Yiuf zaps a wand.
You resist with significant effort.
Crazy Yiuf says, "Sif Muna spinner infinity!"
Crazy Yiuf hits you with a +2 quarterstaff of chaos!
You die...
Xom bursts into laughter!

...<... .######
....# ###.# # #.# #
#.# ##♣♣♣♣♣ #
#.###.P.♣)♣♣♣#####
###.#...PP.♣.)♣#)..#
##........♣♣♣♣)'@g.#
##....#.P♣♣ ♣♣#).)#
.....###♣♣ #####
##...# #####


You could see Crazy Yiuf.

Vanquished Creatures
  An adder (D:2)
  A ball python (D:1)
  2 endoplasms (D:1)
  A giant cockroach (D:1)
  A hobgoblin (D:1)
  A kobold (D:1)
  2 bats (D:1)
  3 frilled lizards (D:1)
  3 rats (D:1)
15 creatures vanquished.

Notes
Turn   | Place    | Note
-------+----------+-------------------------------------------
     0 | D:1      | omnomnOMINOUS the Octopode Wanderer began the quest for the
                  | Orb.
     0 | D:1      | omnomnOMINOUS set off with the following items: a +2
                  | dagger, a scroll of blinking, a potion of curing; and the
                  | following spell memorised: Sandblast; and the following
                  | spells available to memorise: Stone Arrow
     0 | D:1      | Reached XP level 1. HP: 11/11 MP: 2/2
    16 | D:1      | Found Hehauji's General Store.
   128 | D:1      | Found a faded altar of an unknown god.
   138 | D:1      | Became a worshipper of Xom the Begetter of Discontinuities
   372 | D:1      | XOM: potion effect (brilliance)
   374 | D:1      | XOM: fog
   524 | D:1      | Reached XP level 2. HP: 18/18 MP: 3/3
   583 | D:1      | XOM: 4-stop teleportation journey
   634 | D:1      | XOM: give mutations
   634 | D:1      | Gained mutation: You are robust. (+10% HP) [Xom's grace]
   634 | D:1      | Gained mutation: Your flesh is heat resistant. (rF+) [Xom's
                  | grace]
   888 | D:1      | XOM: give mutation
   888 | D:1      | Gained mutation: You possess an exceptional clarity of
                  | mind. [Xom's grace]
  1018 | D:2      | Found a runed translucent door.
  1019 | D:2      | Noticed Crazy Yiuf
  1027 | D:2      | Slain by Crazy Yiuf

Illustrated notes

Levels and vault maps discovered:
D:1:      wheals_arrival_shading, layout_basic, serial_shops,
          nicolae_shop_statue_plus, ebering_ecumenical_altar_ruins,
          grunt_decor_arrowhead
D:2:      layout_loops_ring, serial_shops, shop, shop, shop, shop_statue,
          shop_fountains, uniq_terence, uniq_crazy_yiuf_cottage

Skill      XL: |  1  2 |
---------------+-------+-----
Earth Magic    | 2 |  2.0
Fighting       | |  0.9
Long Blades    | |  2.0
Dodging        | |  1.4
Stealth        | |  1.3
Shields        | |  1.2
Spellcasting   | |  1.0
Summonings     | |  3.0

Action                   || total
-------------------------++-------
Melee: Dagger            ||    34
       Constrict         ||     7
       Tentacles         ||     6
 Stab: Sleeping          ||     2
Dodge: Dodged            ||    24
Block: Buckler           ||     2

Table legend: (Time is in decaauts)
 A = Elapsed time spent in this place.
 B = Non-inter-level travel time spent in this place.
 C = Inter-level travel time spent in this place.
 D = Time resting spent in this place.
 E = Time spent auto-exploring this place.
 F = Levels seen in this place.
 G = Mean time per level.
                   A        B        C        D        E       F      G
               +--------+--------+--------+--------+--------+-----+--------+
         Total |   1026 |    923 |    103 |     51 |    710 |   2 |  513.0 |
       Dungeon |   1026 |    923 |    103 |     51 |    710 |   2 |  513.0 |
               +--------+--------+--------+--------+--------+-----+--------+

Top non-repeatable levels by time:
     D:1: 980 daAuts
     D:2: 46 daAuts
